 Dungeon Crawl Stone Soup version 0.31-a0-968-g24f9ace8b5 (webtiles) character file.

Game seed: 5126928191410719436

39 Fodor the Covered (level 3, -3/33 HPs)
             Began as a Minotaur Fighter on Oct 28, 2023.
             Slain by Sigmund
             ... wielding a +2 scythe of flaming
              (4 damage)
             ... on level 2 of the Dungeon.
             The game lasted 00:04:09 (691 turns).

Fodor the Covered (Minotaur Fighter)                 Turns: 691, Time: 00:04:10

Health: -3/33      AC:  7    Str: 22    XL:     3   Next: 28%
Magic:  2/2        EV:  9    Int:  5    God:
Gold:   42         SH:  4    Dex:  9    Spells: 2/2 levels left

rFire   . . .        f - +2 whip (drain)
rCold   . . .        c - +0 buckler
rNeg    . . .        b - +0 scale mail
rPois   .            (helmet restricted)
rElec   .            (no cloak)
rCorr   .            (no gloves)
SInv    .            (no boots)
Will    .....        (no amulet) Stlth
                     (no ring)
HPRegen 0.25/turn    (no ring)
MPRegen 0.08/turn

%: no passive effects
@: no status effects
A: horns 2, retaliatory headbutt
a: no special abilities


You were on level 2 of the Dungeon.
You visited 1 branch of the dungeon, and saw 2 of its levels.

You collected 42 gold pieces.

Inventory:

Hand Weapons
 a - a +0 war axe
 f - a +2 whip of draining (weapon)
Missiles
 g - 3 javelins (quivered)
 i - 6 poisoned darts
Armour
 b - a +0 scale mail (worn)
 c - a +0 buckler (worn)
Wands
 n - a wand of polymorph (5)
Scrolls
 h - 3 scrolls of noise {unknown}
 l - a scroll of enchant weapon {unknown}
Potions
 d - a potion of might
 e - 3 potions of enlightenment {unknown}
 j - a potion of haste {unknown}
 k - 2 potions of brilliance {unknown}
 m - a potion of mutation {unknown}


   Skills:
 + Level 4.0 Fighting
 + Level 2.6 Axes
 + Level 4.5 Armour
 + Level 0.3 Dodging
 + Level 4.0 Shields


You had 2 spell levels left.
You didn't know any spells.
Your spell library contained the following spells:

 Spells                   Type           Power      Damage    Failure   Level
 Manifold Assault         Tloc           0%         N/A       100%        4
 Dispersal                Tloc           0%         N/A       100%        6
 Disjunction              Tloc           0%         N/A       100%        8


Dungeon Overview and Level Annotations

Branches:
Dungeon (2/15)

Altars:

Annotations:
D:2 Sigmund


Innate Abilities, Weirdness & Mutations

You have a pair of horns on your head.
You reflexively headbutt those who attack you in melee.


Message History

The ball python grabs you. The ball python constricts you.
You whack the ball python!
You kill the ball python!
Found a ring mail.
Sigmund the Dreaded comes into view.
He is wielding a +2 scythe of flaming.
Found 11 gold pieces.
Found a stone staircase leading up.
Sigmund shouts!
Sigmund hits you with a +2 scythe of flaming!
Sigmund burns you.
You see here 11 gold pieces.
You closely miss Sigmund.
Sigmund hits you with a +2 scythe of flaming.
Sigmund burns you.
You hit Sigmund. You headbutt Sigmund!
Sigmund is heavily wounded.
You hit Sigmund. Your headbutt misses Sigmund.
Sigmund is heavily wounded.
Sigmund gestures at you while chanting.
You are confused.
You hit Sigmund. You drain Sigmund.
Sigmund is almost dead.
Sigmund barely misses you.
Found a sling.
Sigmund gestures at you while chanting. The puff of flame hits you!
* * * LOW HITPOINT WARNING * * *
You're too confused to move!
Sigmund gestures at you while chanting. The magic dart hits you.
* * * LOW HITPOINT WARNING * * *
Sigmund casts a spell.
Sigmund flickers and vanishes!
Deactivating autopickup; reactivate with Ctrl-A.
You feel less confused. Something hits you.
* * * LOW HITPOINT WARNING * * *
Something burns you.
* * * LOW HITPOINT WARNING * * *
Something hits you.
You die...

...... ##.) #. ### .....##
....##. #... ..##..# .....
...# ......# ..# .... ...
............##..###.###
.........##.<........[###
######..#####.....#.#....
###......................
....##..#####..{@.#.######
##..........######........
#..........#......#######
#......[.....######
#..........###
#..........# #..........#
#.........)# ############


There were no monsters in sight!

Vanquished Creatures
  An adder (D:2)
  4 ball pythons
  4 bats
  3 endoplasms
  A giant cockroach (D:1)
  2 goblins
  4 hobgoblins
  2 jackals (D:2)
  2 kobolds (D:1)
  A quokka (D:1)
  2 frilled lizards (D:1)
  3 rats (D:1)
29 creatures vanquished.

Notes
Turn   | Place    | Note
-------+----------+-------------------------------------------
     0 | D:1      | Fodor the Minotaur Fighter began the quest for the Orb.
     0 | D:1      | Reached XP level 1. HP: 19/19 MP: 0/0
    68 | D:1      | Reached XP level 2. HP: 21/27 MP: 1/1
   516 | D:2      | Reached XP level 3. HP: 26/33 MP: 2/2
   665 | D:2      | Identified the +2 helmet "Qolihitu" {Str+3}
   680 | D:2      | Noticed Sigmund
   690 | D:2      | HP: 1/33 [something (1)]
   691 | D:2      | Slain by Sigmund

Illustrated notes

Levels and vault maps discovered:
D:1:      wander_arrival_estate, layout_rooms, serial_glass, glass_columns_a,
          glass_columns_c
D:2:      layout_rooms, basic_altar, uniq_sigmund

Skill      XL: |  1  2  3 |
---------------+----------+-----
Armour         | 4 |  4.5
Fighting       | 4 |  4.0
Shields        | 4 |  4.0
Axes           | |  2.6
Dodging        | |  0.3

Action                     || total
---------------------------++-------
  Melee: War axe           ||    22
         Headbutt          ||     8
         Whip              ||    33
 Armour: Scale mail        ||    60
  Dodge: Dodged            ||    41
  Block: Buckler           ||    19

Table legend: (Time is in decaauts)
 A = Elapsed time spent in this place.
 B = Non-inter-level travel time spent in this place.
 C = Inter-level travel time spent in this place.
 D = Time resting spent in this place.
 E = Time spent auto-exploring this place.
 F = Levels seen in this place.
 G = Mean time per level.
                   A        B        C        D        E       F      G
               +--------+--------+--------+--------+--------+-----+--------+
         Total |    701 |    701 |      0 |      0 |      0 |   2 |  350.5 |
       Dungeon |    701 |    701 |      0 |      0 |      0 |   2 |  350.5 |
               +--------+--------+--------+--------+--------+-----+--------+

Top non-repeatable levels by time:
     D:1: 447 daAuts
     D:2: 253 daAuts
